 Dungeon Crawl Stone Soup version 0.24.0-125-gc4c63601f3 (webtiles) character file.

Game seed: 1930606395869236109, levelgen mode: deterministic

357 Mrkan the Chopper (level 6, -18/48 HPs)
             Began as a Human Fighter on Feb 23, 2020.
             Demolished by an ogre
             ... wielding a +0 giant spiked club
              (22 damage)
             ... on level 3 of the Dungeon.
             The game lasted 00:05:53 (3986 turns).

Mrkan the Chopper (Human Fighter)                   Turns: 3986, Time: 00:05:53

Health: -18/48     AC:  9    Str: 18    XL:     6   Next: 96%
Magic:  6/6        EV:  5    Int:  8    God:
Gold:   190        SH:  9    Dex: 13    Spells: 5/5 levels left

rFire    . . .     SeeInvis .   a - +0 war axe
rCold    . . .     Gourm    .   c - +0 shield
rNeg     . . .     Faith    .   x - +0 chain mail
rPois    .         Spirit   .   (no helmet)
rElec    .         Reflect  .   (no cloak)
rCorr    .         Harm     .   (no gloves)
MR       .....                  (no boots)
Stlth    ..........             (no amulet)
HPRegen  0.16/turn              (no ring)
MPRegen  0.10/turn              (no ring)

@: no status effects
A: no striking features
a: no special abilities


You were on level 3 of the Dungeon.
You were hungry.

You visited 1 branch of the dungeon, and saw 4 of its levels.

You collected 190 gold pieces.

Inventory:

Hand Weapons
 a - a +0 war axe (weapon)
 y - a +0 morningstar
Armour
 b - a +0 scale mail
 c - a +0 shield (worn)
 x - a +0 chain mail (worn)
Jewellery
 i - an uncursed ring of magical power {unknown}
 m - an uncursed ring of stealth {unknown}
Scrolls
 j - a scroll of enchant armour {unknown}
 k - 2 scrolls of fear {unknown}
 o - a scroll of magic mapping {unknown}
 p - a scroll of random uselessness {unknown}
 q - a scroll of immolation {unknown}
 r - 2 scrolls of remove curse {unknown}
 s - 6 scrolls of identify {unknown}
 t - a scroll of fog {unknown}
 w - a scroll of teleportation {unknown}
Potions
 d - 2 potions of flight {unknown}
 e - a potion of resistance {unknown}
 g - a potion of lignification {unknown}
 h - a potion of brilliance {unknown}
 l - a potion of degeneration {unknown}
 n - 3 potions of agility {unknown}
 u - 2 potions of curing
 v - 2 potions of heal wounds {unknown}
 z - a potion of magic {unknown}
Comestibles
 f - 6 rations
 A - a chunk of flesh


   Skills:
 + Level 4.1 Fighting
 * Level 4.6 Axes
 + Level 4.1 Armour
 + Level 4.1 Shields


You had 5 spell levels left.
You didn't know any spells.
Your spell library was empty.

Dungeon Overview and Level Annotations

Branches:
Dungeon (4/15)             Temple (0/1) D:4

Altars:

Shops:
D:4 [

Annotations:
D:3 2 runed translucent doors, Descartes's ghost, amateur FeWr


Message History

You block the ogre's attack.
There is a stone staircase leading down here.
There is a stone staircase leading up here.
You block the ogre's attack.
You climb upwards.
Level annotation: 2 runed translucent doors, Descartes's ghost, amateur FeWr
There is a stone staircase leading down here.
There is a stone staircase leading down here.
There is a stone staircase leading down here.
There is a stone staircase leading down here.
There is a stone staircase leading down here.
You are feeling hungry.
You hit the ogre but do no damage.
The ogre is lightly wounded.
The ogre hits you with a +0 giant spiked club!!
* * * LOW HITPOINT WARNING * * *
Your chain mail prevents you from hitting the ogre.
The ogre is lightly wounded.
The ogre hits you with a +0 giant spiked club!!
You die...

#.# #.# #.### #.# ..# #.#
#.# #.# ### #.# #.# #.#
.## #.# #.########.#
#.##### #.# #.#........#
##....####.####....[.....#
##.#.#...........########
##.........#####..#
#.....#.##.....O@.#
.###..#.##.######.# .#
#..#.##.# #.# .# #..#.##.#
#.# .###..#.##.# #.#
..##..#....######>#
#.................#
..#####.###########
........#


You could see an ogre.

Vanquished Creatures
  A bullfrog (D:3)
  An orc priest (D:3)
  Natasha (D:2)
  Terence (D:2)
  2 worker ants
  6 adders
  3 oozes (D:2)
  3 dart slugs (D:1)
  2 worms (D:3)
  A leopard gecko (D:2)
  5 orcs (D:3)
  2 giant cockroaches (D:1)
  9 goblins
  8 hobgoblins
  10 jackals
  10 kobolds
  3 quokkas
  2 ball pythons (D:2)
  7 bats
  3 frilled lizards
  16 rats
96 creatures vanquished.

Notes
Turn   | Place    | Note
-------+----------+-------------------------------------------
     0 | D:1      | Mrkan the Human Fighter began the quest for the Orb.
     0 | D:1      | Reached XP level 1. HP: 18/18 MP: 1/1
    77 | D:1      | Reached XP level 2. HP: 20/24 MP: 2/2
   447 | D:1      | Reached XP level 3. HP: 28/29 MP: 3/3
  1088 | D:2      | Reached XP level 4. HP: 35/35 MP: 4/4
  1389 | D:2      | Reached XP level 5. HP: 26/41 MP: 5/5
  1975 | D:2      | Found a faded altar of an unknown god.
  2152 | D:2      | Noticed Terence
  2162 | D:2      | Killed Terence
  2310 | D:2      | Noticed Natasha
  2323 | D:2      | Killed Natasha
  2323 | D:2      | Reached XP level 6. HP: 24/48 MP: 6/6
  2839 | D:3      | Found a runed translucent door.
  2843 | D:3      | Noticed Descartes's ghost (amateur FeWr)
  3036 | D:3      | Found a runed translucent door.
  3352 | D:4      | Found Efuggips's Antique Armour Boutique.
  3539 | D:4      | Found a staircase to the Ecumenical Temple.
  3837 | D:4      | Noticed an ogre
  3986 | D:3      | Demolished by an ogre

Levels and vault maps discovered:
D:1:      tarquinn_simple_flora_water_b, layout_loops_ring,
          kennysheep_pointless_box
D:2:      layout_basic, chequers_ecumenical_altar_simple_redux, uniq_terence,
          uniq_natasha
D:3:      layout_loops_ring, ebering_ghost_sewer_f
D:4:      layout_loops_ring, minmay_temple_entry_from_below_b, serial_shops,
          kennysheep_mini, first_ration

Skill      XL: |  1  2  3  4  5  6 |
---------------+-------------------+-----
Axes           | 3 4 |  4.6
Armour         | 4 |  4.1
Fighting       | 4 |  4.1
Shields        | 4 |  4.1

Action                   |  1- 3 |  4- 6 || total
-------------------------+-------+-------++-------
Melee: War axe           |   130 |   220 ||   350
  Use: Potion            |       |     1 ||     1
  Eat: Chunk             |       |    10 ||    10
Armor: Scale mail        |    76 |    55 ||   131
       Chain mail        |       |    35 ||    35
Dodge: Dodged            |    56 |    69 ||   125
Block: Shield            |    77 |   146 ||   223
